AoeStats
← Porveer

Hideout

503145711Analyzed
2v2 RM · 1mo ago on Aug 30, 2026· 36m 22s· 4 players
Game mode
Random Map
Map size
Medium (4 player)
Population
200
Speed
Normal
Resources
Standard
Victory
Conquest
Starting age
Dark Age
Ending age
Imperial Age
RankedLock teamsTeams togetherTeam positionsShared explorationLock speedFull tech treeHidden civsTurbo modeCheats
Victory
Defeat
🇪🇸 Huns · Spain
765
+14
🇨🇳 Mongols · China
765
+14
🇳🇱 Poles · Netherlands
751
-15
🇳🇱 Franks · Netherlands
692
-13
1451129173
11:32 Feudal Age
12:53 Wheelbarrow
12:06 Double-Bit Axe
12:05 Horse Collar
17:33 Castle Age
15:52 Stone Mining
16:37 Gold Mining
18:50 Bow Saw
20:16 Heavy Plow
24:00 Hand Cart
30:15 Fletching
30:26 Padded Archer Armor
34:13 Imperial Age
32:35 Stone Shaft Mining
32:36 Gold Shaft Mining
33:51 Bodkin Arrow
34:11 Leather Archer Armor
wheks
10:27 Feudal Age
11:43 Loom
14:32 Castle Age
13:01 Double-Bit Axe
16:36 Forging
17:53 Horse Collar
20:17 Fletching
21:31 Bodkin Arrow
22:05 Ballistics
27:13 Padded Archer Armor
33:02 Imperial Age
34:13 Thumb Ring
34:18 Scale Barding Armor
36:24 Husbandry
36:35 Bloodlines
Porveer
10:53 Loom
12:46 Feudal Age
13:03 Feudal Age
14:26 Double-Bit Axe
15:20 Wheelbarrow
14:31 Town Watch
14:32 Horse Collar
20:12 Bloodlines
20:21 Scale Barding Armor
20:33 Forging
24:02 Castle Age
goldenshit
2:50 Loom
10:43 Feudal Age
11:26 Double-Bit Axe
13:04 Wheelbarrow
20:42 Castle Age
19:49 Wheelbarrow
20:36 Stone Mining
20:37 Gold Mining
21:04 Forging
20:59 Scale Barding Armor
24:29 Gold Shaft Mining
24:45 Bow Saw
24:55 Husbandry
25:55 Town Watch
26:41 Hand Cart
Connection lost

Rejoining the realm…

Still unreachable

The connection could not be restored.

Session expired

The server has moved on; the page needs a fresh start.